 Dungeon Crawl Stone Soup version 0.30-a0-50-gb2d611f6b1 (webtiles) character file.

Game seed: 11641597856943660790

310 timneilson the Covered (level 6, 0/38 HPs)
             Began as a Gargoyle Fighter on Sept 3, 2022.
             Slain by Dowan
             ... wielding a +0 dagger of draining
              (4 damage)
             ... on level 4 of the Dungeon.
             The game lasted 00:03:24 (3475 turns).

timneilson the Covered (Gargoyle Fighter)           Turns: 3475, Time: 00:03:25

Health: 0/38       AC: 11    Str: 21    XL:     6   Next: 41%
Magic:  0/6        EV:  9    Int:  9    God:
Gold:   124        SH:  5    Dex:  9    Spells: 5/5 levels left

rFire   . . .      SeeInvis .    a - +0 long sword
rCold   . . .      Faith    .    c - +1 buckler
rNeg    + . .      Spirit   +    b - +0 scale mail
rPois   ∞          Reflect  .    (no helmet)
rElec   +          Harm     .    (no cloak)
rCorr   .          Rampage  .    (no gloves)
Will    .....                    (no boots)
Stlth   ..........               g - amulet of guardian spirit
HPRegen 0.12/turn                (no ring)
MPRegen 0.10/turn                (no ring)

@: mighty
A: sickness immunity, AC +4, negative energy resistance 1, electricity
resistance, torment resistance 1, petrification resistance
a: no special abilities


You were on level 4 of the Dungeon.
You visited 1 branch of the dungeon, and saw 4 of its levels.

You collected 124 gold pieces.

Inventory:

Hand Weapons
 a - a +0 long sword (weapon)
Armour
 b - a +0 scale mail (worn)
 c - a +1 buckler (worn)
Jewellery
 g - an amulet of guardian spirit (around neck)
Scrolls
 k - 2 scrolls of amnesia
 m - 2 scrolls of enchant armour
 p - a scroll of teleportation
 q - 2 scrolls of identify {unknown}
Potions
 d - a potion of might
 e - a potion of invisibility {unknown}
 f - 3 potions of brilliance {unknown}
 h - a potion of mutation {unknown}
 i - a potion of ambrosia {unknown}
 j - 2 potions of heal wounds {unknown}
 l - a potion of resistance {unknown}
 n - a potion of curing {unknown}
 o - a potion of flight {unknown}


   Skills:
 + Level 4.1 Fighting
 * Level 3.2 Long Blades
 * Level 4.8 Armour
 + Level 1.4 Dodging
 * Level 4.7 Shields


You had 5 spell levels left.
You didn't know any spells.
Your spell library contained the following spells:

 Spells                   Type           Power      Damage    Failure   Level
 Dazzling Flash           Conj/Hex       0%         N/A       99%         3
 Inner Flame              Hex/Fire       0%         N/A       99%         3
 Cause Fear               Hex            0%         N/A       100%        4
 Iskenderun's Mystic Bla  Conj/Tloc      0%         2d3       100%        4
 Starburst                Conj/Fire      0%         6d3       100%        6
 Discord                  Hex            0%         N/A       100%        8


Dungeon Overview and Level Annotations

Branches:
Dungeon (4/15)
 Temple: D:4-7

Altars:

Annotations:
D:4 Dowan


Innate Abilities, Weirdness & Mutations

You are immune to sickness and miasma.
Your stone body is resilient. (AC +4)
You are immune to poison.
You resist negative energy. (rN+)
You are resistant to electric shocks. (rElec)
You are resistant to unholy torment.
You are immune to petrification.


Message History

Dowan completely misses you. Duvessa hits you with a +0 short sword.
* * * LOW HITPOINT WARNING * * *
Unknown command.
You slash Duvessa!
You kill Duvessa!
Dowan screams, "No!
No!"
Dowan seems to find hidden reserves of power!
Dowan hits you but does no damage. x2
You have reached level 6!
You closely miss Dowan. Dowan closely misses you.
Dowan casts a spell.
Dowan blinks!
Dowan hits you but does no damage.
You barely miss Dowan.
Dowan hits you with a +0 dagger of draining.
* * * LOW HITPOINT WARNING * * *
Dowan closely misses you.
You slash Dowan!
Dowan is heavily wounded.
Dowan hits you but does no damage.
Dowan points at you and mumbles some strange words.
You block the stone arrow.
You hit Dowan.
Dowan is heavily wounded.
Dowan hits you but does no damage. Dowan barely misses you.
You closely miss Dowan.
Dowan is heavily wounded.
Dowan hits you with a +0 dagger of draining.
* * * LOW HITPOINT WARNING * * *
Dowan points at you and mumbles some strange words.
The shard of ice misses you.
You closely miss Dowan.
Dowan is heavily wounded.
You block Dowan's attack.
Dowan casts a spell.
Dowan blinks!
Dowan casts a spell.
Dowan blinks!
Dowan hits you with a +0 dagger of draining.
You die...

........#
#...#.....#..#.....
........#
#...#######..'.....
.########
#.........#..#.....
.#
#.........'..#.....
.#
##+###'#####.......
.# #.......#
######+# .#
#......)# .#
#.......# .#
#.@.....# .#
#.e.....# .#
#.......# .#
#.....### .#
#.....# .# #.....#
.# #.....# .#
#.....# .#


You could see Dowan (fast).

Vanquished Creatures
  Duvessa (D:4)
  An orc priest (D:4)
  A hound (D:4)
  An orc wizard (D:4)
  5 adders
  2 worms (D:2)
  4 dart slugs
  2 orcs (D:4)
  5 endoplasms
  3 giant cockroaches (D:4)
  8 goblins
  7 hobgoblins
  A quokka (D:3)
  6 ball pythons
  5 bats
  4 frilled lizards
  6 kobolds
  5 rats
67 creatures vanquished.

Notes
Turn   | Place    | Note
-------+----------+-------------------------------------------
     0 | D:1      | timneilson the Gargoyle Fighter began the quest for the
                  | Orb.
     0 | D:1      | Reached XP level 1. HP: 14/14 MP: 1/1
   536 | D:1      | Reached XP level 2. HP: 19/19 MP: 2/2
   970 | D:1      | Reached XP level 3. HP: 20/23 MP: 3/3
  1503 | D:2      | Found a faded altar of an unknown god.
  1612 | D:2      | Reached XP level 4. HP: 13/28 MP: 1/4
  3149 | D:4      | Reached XP level 5. HP: 31/33 MP: 5/5
  3202 | D:4      | Reached skill level 1 in Dodging
  3451 | D:4      | Noticed Dowan
  3451 | D:4      | Noticed Duvessa
  3462 | D:4      | Killed Duvessa
  3463 | D:4      | Reached XP level 6. HP: 11/38 MP: 1/6
  3475 | D:4      | Slain by Dowan

Illustrated notes

Levels and vault maps discovered:
D:1:      psy_arrival_conway, layout_basic
D:2:      layout_basic, ebering_ecumenical_altar_rust
D:3:      layout_loops_corners, kennysheep_generic_room_2
D:4:      layout_gridville, uniq_duvessa

Skill      XL: |  1  2  3  4  5 |
---------------+----------------+-----
Long Blades    | 2 3 |  3.2
Armour         | 4 |  4.8
Shields        | 4 |  4.7
Dodging        | 1 |  1.4
Fighting       | 4 |  4.1

Action                   |  1- 3 |  4- 6 || total
-------------------------+-------+-------++-------
Melee: Long sword        |   151 |   171 ||   322
  Use: Scroll            |     5 |     1 ||     6
       Potion            |       |     1 ||     1
Armor: Scale mail        |    84 |   129 ||   213
Dodge: Dodged            |    68 |   108 ||   176
Block: Buckler           |    32 |    52 ||    84

Table legend: (Time is in decaauts)
 A = Elapsed time spent in this place.
 B = Non-inter-level travel time spent in this place.
 C = Inter-level travel time spent in this place.
 D = Time resting spent in this place.
 E = Time spent auto-exploring this place.
 F = Levels seen in this place.
 G = Mean time per level.
                   A        B        C        D        E       F      G
               +--------+--------+--------+--------+--------+-----+--------+
         Total |   3583 |   3529 |     54 |      0 |   2849 |   4 |  895.8 |
       Dungeon |   3583 |   3529 |     54 |      0 |   2849 |   4 |  895.8 |
               +--------+--------+--------+--------+--------+-----+--------+

Top non-repeatable levels by time:
     D:1: 1275 daAuts
     D:2: 950 daAuts
     D:3: 773 daAuts
     D:4: 583 daAuts
